 Dungeon Crawl Stone Soup version 0.22.1-1-ga44c0e5 (webtiles) character file.

6052 Anon1729 the Cleaver (level 10, -1/96 HPs)
             Began as a Naga Gladiator on Sept 27, 2018.
             Was an Initiate of Uskayaw.
             Slain by a troll (10 damage)
             ... on level 10 of the Dungeon.
             The game lasted 00:24:12 (14211 turns).

Anon1729 the Cleaver (Naga Gladiator)              Turns: 14211, Time: 00:24:13

Health: -1/96      AC: 10    Str: 16    XL:     10   Next: 87%
Magic:  3/10       EV: 11    Int: 11    God:    Uskayaw [......]
Gold:   318        SH:  0    Dex: 14    Spells: 9/9 levels left

rFire    . . .     SeeInvis +   q - +4 war axe
rCold    . . .     Gourm    .   (no shield)
rNeg     + . .     Faith    .   E - +2 leather armour {rN+}
rPois    +         Spirit   .   c - +0 helmet
rElec    .         Reflect  .   H - +0 cloak
rCorr    .         Harm     .   (no gloves)
MR       +....                  (no barding)
Stlth    +.........             (no amulet)
HPRegen  0.26/turn              (no ring)
MPRegen  0.12/turn              (no ring)

@: short of breath, very slow
A: large, see invisible, deformed body, poison resistance, slowness 2, slow
metabolism 1, spit poison 1, AC +3
a: Spit Poison, Renounce Religion


You were on level 10 of the Dungeon.
You worshipped Uskayaw.
Uskayaw was noncommittal.
You were not hungry.

You visited 2 branches of the dungeon, and saw 11 of its levels.

You collected 486 gold pieces.
You spent 168 gold pieces at shops.

Inventory:

Hand Weapons
 d - a +0 dagger of distortion
 q - a +4 war axe (weapon)
 B - a +0 spear of flaming
Missiles
 k - 3 throwing nets (quivered)
 o - 8 tomahawks of returning
Armour
 c - a +0 helmet (worn)
 E - a +2 leather armour of positive energy (worn)
 H - a +0 cloak (worn)
Wands
 g - a wand of enslavement (7)
 A - a wand of digging (29)
 I - a wand of flame (18)
Scrolls
 h - 4 scrolls of identify {unknown}
 i - 8 scrolls of teleportation
 j - 6 scrolls of remove curse
 m - 3 scrolls of magic mapping {unknown}
 r - 2 scrolls of blinking
 u - 2 scrolls of amnesia {unknown}
 y - 2 scrolls of enchant weapon {unknown}
 C - 2 scrolls of fog {unknown}
 D - a scroll of enchant armour {unknown}
 F - a scroll of acquirement {unknown}
 J - a scroll of holy word {unknown}
Potions
 b - 2 potions of brilliance {unknown}
 e - 2 potions of heal wounds
 l - a potion of cancellation {unknown}
 n - 2 potions of agility
 p - 2 potions of mutation {unknown}
 s - a potion of resistance {unknown}
 t - a potion of might
 v - 2 potions of ambrosia {unknown}
 w - 2 potions of curing
 x - a potion of magic {unknown}
 z - a potion of flight {unknown}
Miscellaneous
 L - a lightning rod (3/4)
Comestibles
 a - 3 chunks of flesh
 f - 24 rations


   Skills:
 + Level 8.2 Fighting
 * Level 11.4 Axes
 - Level 2.0 Throwing
 + Level 6.4 Armour
 - Level 3.1 Dodging


You had 9 spell levels left.
You didn't know any spells.
Your spell library contained the following spells:

 Spells                   Type           Power        Failure   Level  Hunger
 Summon Small Mammal      Summ           #...         38%         1    ##.....
 Call Imp                 Summ           #.......     54%         2    ###....
 Call Canine Familiar     Summ           #.......     77%         3    ####...
 Summon Guardian Golem    Hex/Summ       #.......     77%         3    ####...
 Summon Ice Beast         Ice/Summ       #.......     99%         4    #####..
 Summon Lightning Spire   Summ/Air       #.......     99%         4    #####..


Dungeon Overview and Level Annotations

Branches:
Dungeon (10/15)            Temple (1/1) D:7            Lair (0/6) D:8
    Orc: D:9-12

Altars:
Ashenzari
Cheibriados
Dithmenos
Elyvilon
Fedhas
Gozag
Hepliaklqana
Kikubaaqudgha
Makhleb
Nemelex Xobeh
Okawaru
Qazlal
Ru
Sif Muna
Trog
Uskayaw
Vehumet
Wu Jian
Xom
Yredelemnul
Zin
The Shining One

Shops:
D:8 *   D:10 *

Annotations:
D:9 exclusion: two-headed ogre


Innate Abilities, Weirdness & Mutations

You cannot wear boots.
Your serpentine skin is tough. (AC +3)
You have supernaturally acute eyesight. (SInv)
Armour fits poorly on your strangely shaped body.
Your system is resistant to poisons. (rPois)
You cover ground very slowly.
You have a slow metabolism.
You can spit poison.


Message History

Aiming: Line Pass
Press: ? - help, Dir - move target cursor, p - troll The troll appears confused.
You feel quite a bit more hungry.
You can no longer pass through a line of other dancers.
You barely miss the troll.
The troll is severely wounded.
The troll seems less confused.
The troll bites you. The troll claws you!
* * * LOW HITPOINT WARNING * * *
The troll claws you!
* * * LOW HITPOINT WARNING * * *
Unknown command.
Unknown command.
Evoke which item? (* to show all) (? for menu, Esc to quit)
Okay, then.
You stomp with the beat, sending a shockwave through the revelers around you!
The troll is severely wounded.
You feel somewhat more hungry.
You can no longer stomp with the beat.
The troll bites you!
You die...

#............>#. ..
.....#.............##
..##....#..............#
........#..............#
.......!#..............#
......######'#########
....................
#...............###
#.@T##..####....#
#...##..# #....###
#.......# #.......
#.......# #.......
......................
######################


You could see a troll.

Vanquished Creatures
  A gargoyle (D:10)
  A hippogriff (D:10)
  A meliai zombie (D:10)
  Sigmund (D:2)
  A wyvern (D:8)
  A water moccasin (D:8)
  2 orc warriors
  An ice beast (D:7)
  6 ogres
  A black bear (D:10)
  5 phantoms
  4 centaurs
  3 big kobolds
  3 bullfrogs
  2 gnoll sergeants
  A wyvern skeleton (D:8)
  A scorpion (D:9)
  9 killer bees
  4 wights (D:10)
  A howler monkey (D:5)
  2 crimson imps
  2 quasits
  14 hounds
  3 bullfrog skeletons
  5 orc priests
  2 jellies
  7 orc wizards
  Crazy Yiuf (D:7)
  Jessica (D:2)
  3 centaur skeletons
  Terence (D:3)
  5 iguanas
  5 worker ants
  A hound zombie (D:10)
  A worker ant zombie (D:5)
  13 gnolls
  11 adders
  2 shadow imps
  An ooze (D:1)
  An adder zombie (D:6)
  4 adder skeletons
  A worm (D:2)
  2 dart slugs
  9 leopard geckos
  22 orcs
  7 bats
  3 giant cockroaches
  5 goblins
  6 hobgoblins
  2 jackals (D:2)
  3 quokkas
  4 ball pythons
  7 frilled lizards
  29 kobolds
  2 quokka skeletons
  9 rats
245 creatures vanquished.

Vanquished Creatures (others)
  A phantom (D:7)
1 creature vanquished.

Grand Total: 246 creatures vanquished

Notes
Turn   | Place    | Note
-------+----------+-------------------------------------------
     0 | D:1      | Anon1729 the Naga Gladiator began the quest for the Orb.
     0 | D:1      | Reached XP level 1. HP: 19/19 MP: 1/1
   321 | D:1      | Reached XP level 2. HP: 20/26 MP: 2/2
   935 | D:1      | Reached XP level 3. HP: 21/32 MP: 3/3
  1727 | D:2      | Noticed Sigmund
  1744 | D:2      | Killed Sigmund
  1744 | D:2      | Reached skill level 4 in Axes
  1744 | D:2      | Reached skill level 1 in Armour
  1744 | D:2      | Reached XP level 4. HP: 21/42 MP: 4/4
  1744 | D:2      | Reached XP level 5. HP: 25/49 MP: 5/5
  2057 | D:2      | Noticed Jessica
  2062 | D:2      | Killed Jessica
  2062 | D:2      | Reached XP level 6. HP: 48/56 MP: 6/6
  2522 | D:3      | Noticed a phantom
  2535 | D:3      | Killed a phantom
  2535 | D:3      | Reached skill level 5 in Axes
  2786 | D:3      | Noticed Terence
  2794 | D:3      | Killed Terence
  3267 | D:4      | Noticed a phantom
  3597 | D:4      | Killed a phantom
  3597 | D:4      | Reached XP level 7. HP: 58/63 MP: 7/7
  3666 | D:4      | Reached skill level 6 in Axes
  4527 | D:4      | Reached XP level 8. HP: 69/73 MP: 8/8
  4918 | D:4      | Reached skill level 7 in Axes
  5178 | D:5      | Entered Level 5 of the Dungeon
  5387 | D:4      | Reached skill level 5 in Fighting
  6032 | D:5      | Found an iron altar of Okawaru.
  6415 | D:6      | Found a stormy altar of Qazlal.
  6564 | D:6      | Reached skill level 8 in Axes
  6582 | D:6      | Got a fine short sword
  6587 | D:6      | Found an opulent altar of Gozag.
  6594 | D:6      | Identified the cursed +2 short sword "Bumal" {pierce, rF+
                  | MR- Int+9 SInv} (You found it on level 6 of the Dungeon)
  6854 | D:6      | Reached XP level 9. HP: 32/82 MP: 9/9
  8168 | D:7      | Found a hazy altar of Hepliaklqana.
  8583 | D:7      | Reached skill level 9 in Axes
  9076 | D:7      | Found a runed door.
  9352 | D:7      | Found a staircase to the Ecumenical Temple.
  9362 | Temple   | Entered the Ecumenical Temple
  9485 | Temple   | Became a worshipper of Uskayaw the Reveler
  9590 | D:7      | Noticed Crazy Yiuf
  9597 | D:7      | Killed Crazy Yiuf
  9597 | D:7      | Reached * piety under Uskayaw
  9743 | D:8      | Reached skill level 5 in Armour
  9866 | D:8      | Reached ** piety under Uskayaw
  9875 | D:8      | Reached *** piety under Uskayaw
 10058 | D:8      | Found Sisuruq's General Store.
 10061 | D:8      | Bought a scroll of blinking for 120 gold pieces
 10061 | D:8      | Bought a scroll of teleportation for 48 gold pieces
 10194 | D:8      | Reached **** piety under Uskayaw
 10196 | D:8      | Reached skill level 10 in Axes
 10692 | D:8      | Reached XP level 10. HP: 91/94 MP: 10/10
 11244 | D:8      | Found a staircase to the Lair.
 11983 | D:9      | Noticed a two-headed ogre
 12701 | D:10     | Entered Level 10 of the Dungeon
 12706 | D:10     | Noticed a gargoyle
 13173 | D:10     | Killed a gargoyle
 13454 | D:10     | Reached skill level 11 in Axes
 13672 | D:10     | Found a bloodstained altar of Trog.
 13752 | D:10     | Found Hanarest's General Store.
 14211 | D:10     | Slain by a troll

Skill      XL: |  1  2  3  4  5  6  7  8  9 10 |
---------------+-------------------------------+-----
Throwing       | 2 |  2.0
Fighting       | 3 4 5 7 8 |  8.2
Axes           | 4 5 6 8 10 11 | 11.4
Armour         | 1 2 3 4 5 6 |  6.4
Dodging        | 3 |  3.1

Action                   |  1- 3 |  4- 6 |  7- 9 | 10-12 || total
-------------------------+-------+-------+-------+-------++-------
Melee: War axe           |   134 |    97 |   449 |   273 ||   953
       Short sword       |       |       |    19 |       ||    19
Throw: Throwing net      |     3 |       |     1 |       ||     4
Invok: Stomp             |       |       |     2 |     8 ||    10
       Line Pass         |       |       |       |     1 ||     1
 Abil: Spit Poison       |     3 |     3 |    15 |    10 ||    31
Evoke: Wand              |       |       |       |     5 ||     5
       Lightning rod     |       |       |       |     2 ||     2
  Use: Potion            |     1 |       |     5 |     1 ||     7
       Scroll            |       |       |     1 |       ||     1
 Stab: Sleeping          |     1 |     2 |     1 |       ||     4
       Paralysed         |       |       |     5 |    11 ||    16
  Eat: Chunk             |     2 |     5 |    19 |     8 ||    34
       Ration            |       |       |       |     1 ||     1
Armor: Leather armour    |    65 |       |    89 |   135 ||   289
       Robe              |       |    36 |    89 |       ||   125
Dodge: Dodged            |    93 |    65 |   326 |   150 ||   634
